 Dungeon Crawl Stone Soup version 0.30-a0-509-gd016549fea (webtiles) character file.

Game seed: 2229726738490012397

47 tilp the Shield-Bearer (level 4, -2/38 HPs)
             Began as a Meteoran Fighter on Dec 22, 2022.
             Slain by an orc
             ... wielding a +0 hand axe
              (6 damage)
             ... on level 4 of the Dungeon.
             The game lasted 00:02:49 (456 turns).

tilp the Shield-Bearer (Meteoran Fighter)            Turns: 456, Time: 00:02:50

Health: -2/38      AC:  8    Str: 18    XL:     4   Next: 17%
Magic:  5/5        EV: 10    Int:  9    God:
Gold:   42         SH:  5    Dex: 15    Spells: 3/3 levels left

rFire   . . .      SeeInvis .    a - +0 long sword
rCold   . . .      Faith    .    c - +0 buckler
rNeg    . . .      Spirit   .    b - +1 scale mail
rPois   .          Reflect  .    (no helmet)
rElec   .          Harm     .    (no cloak)
rCorr   .          Rampage  .    (no gloves)
Will    .....                    (no boots)
Stlth   ..........               m - amulet of regeneration
HPRegen 1.06/turn                (no ring)
MPRegen 0.09/turn                (no ring)

@: glowing
A: sense surroundings 1, otherworldly, glowing, explore regen
a: no special abilities


You were on level 4 of the Dungeon.
You visited 1 branch of the dungeon, and saw 4 of its levels.

You collected 42 gold pieces.

Inventory:

Hand Weapons
 a - a +0 long sword (weapon)
Missiles
 e - 15 stones
 g - 6 poisoned darts (quivered)
Armour
 b - a +1 scale mail (worn)
 c - a +0 buckler (worn)
Jewellery
 m - an amulet of regeneration (around neck)
Scrolls
 k - a scroll of identify
 l - a scroll of enchant armour
Potions
 d - a potion of might
 i - a potion of mutation
 j - a potion of haste {unknown}
 o - a potion of attraction {unknown}


   Skills:
 + Level 3.5 Fighting
 + Level 2.8 Long Blades
 + Level 3.8 Armour
 * Level 2.2 Dodging
 + Level 0.6 Stealth
 + Level 3.9 Shields


You had 3 spell levels left.
You didn't know any spells.
Your spell library was empty.

Dungeon Overview and Level Annotations

Branches:
Dungeon (4/15) Zot: 1914
 Temple: D:4-7

Altars:
Gozag
Zin


Innate Abilities, Weirdness & Mutations

You passively map a small area around you.
You are easily found by Zot.
You glow in the dark.
You regain HP and MP as you explore.


Message History

The orc priest begins to cast a cantrip, but forgets the words!
You barely miss the orc. The orc barely misses you.
You hit the orc but do no damage. You slash the orc!
You kill the orc!
You hit the orc.
The orc is lightly wounded.
The orc hits you with a +0 hand axe.
The orc priest calls down the wrath of Beogh upon you.
Pain shoots through your body! The orc hits you but does no damage.
The orc barely misses you.
You are too injured to fight recklessly!
You are too injured to fight recklessly!
You are too injured to fight recklessly!
Unknown command.
You hit the orc but do no damage. You block the orc's attack.
The orc hits you with a +0 hand axe.
You closely miss the orc.
The orc priest hits you with a +0 war axe.
The orc hits you but does no damage. You block the orc's attack.
You closely miss the orc. The orc priest barely misses you.
The orc hits you with a +0 whip. The orc hits you but does no damage.
The orc priest looks satisfied for a moment.
The orc hits you but does no damage. The orc hits you with a +0 hand axe.
* * * LOW HITPOINT WARNING * * *
You hit the orc.
The orc is heavily wounded.
The orc priest hits you with a +0 war axe.
* * * LOW HITPOINT WARNING * * *
The orc closely misses you. The orc barely misses you.
You barely miss the orc.
The orc is heavily wounded.
The orc priest miscasts a cantrip.
The orc closely misses you. The orc misses you.
You barely miss the orc.
The orc is heavily wounded.
The orc priest hits you with a +0 war axe!
* * * LOW HITPOINT WARNING * * *
The orc hits you but does no damage. The orc hits you with a +0 hand axe.
You die...

* * , #. #.
, #. #.####
####...!#
###.......#
.........#*
,
.......@o#
#.....oo.#
#........#
*
#.....?.##
*
#....$...*
, ,
#........ ,
.?.....<.
###.....##
*


You could see an orc priest and 2 orcs.

Vanquished Creatures
  An adder (D:2)
  A dart slug (D:1)
  An orc (D:4)
  5 endoplasms
  3 giant cockroaches
  A hobgoblin (D:2)
  6 jackals (D:2)
  2 quokkas (D:2)
  2 ball pythons (D:1)
  2 bats
  3 frilled lizards (D:2)
  A goblin (D:2)
  3 kobolds
  2 rats
33 creatures vanquished.

Notes
Turn   | Place    | Note
-------+----------+-------------------------------------------
     0 | D:1      | tilp the Meteoran Fighter began the quest for the Orb.
     0 | D:1      | Reached XP level 1. HP: 19/19 MP: 2/2
    79 | D:1      | Reached XP level 2. HP: 25/26 MP: 3/3
   141 | D:2      | Reached skill level 1 in Dodging
   214 | D:1      | Reached XP level 3. HP: 30/31 MP: 4/4
   340 | D:2      | Reached XP level 4. HP: 38/38 MP: 5/5
   394 | D:3      | Found an opulent altar of Gozag.
   396 | D:3      | Found a glowing silver altar of Zin.
   456 | D:4      | Slain by an orc

Illustrated notes

Levels and vault maps discovered:
D:1:      dpeg_arrival_rooms_with_view, layout_basic, serial_shops, shop
D:2:      layout_loops_ring
D:3:      layout_rooms, grunt_temple_overflow_gold_and_silver,
          gup_sewer_entry_spiral, lightli_corner_chamber, uniq_natasha,
          uniq_grinder
D:4:      layout_rooms, enter_ossuary_2, serial_bayou_pond_d, uniq_ijyb

Skill      XL: |  1  2  3 |
---------------+----------+-----
Dodging        | 1 2 |  2.2
Fighting       | |  3.5
Long Blades    | |  2.8
Armour         | |  3.8
Stealth        | |  0.6
Shields        | |  3.9

Action                   |  1- 3 |  4- 6 || total
-------------------------+-------+-------++-------
Melee: Long sword        |    73 |    19 ||    92
Throw: Dart              |     1 |       ||     1
  Use: Scroll            |       |     5 ||     5
Armor: Scale mail        |    34 |    11 ||    45
Dodge: Dodged            |    28 |     7 ||    35
Block: Buckler           |    27 |     3 ||    30

Table legend: (Time is in decaauts)
 A = Elapsed time spent in this place.
 B = Non-inter-level travel time spent in this place.
 C = Inter-level travel time spent in this place.
 D = Time resting spent in this place.
 E = Time spent auto-exploring this place.
 F = Levels seen in this place.
 G = Mean time per level.
                   A        B        C        D        E       F      G
               +--------+--------+--------+--------+--------+-----+--------+
         Total |    484 |    461 |     23 |      0 |      0 |   4 |  121.0 |
       Dungeon |    484 |    461 |     23 |      0 |      0 |   4 |  121.0 |
               +--------+--------+--------+--------+--------+-----+--------+

Top non-repeatable levels by time:
     D:2: 268 daAuts
     D:1: 139 daAuts
     D:3: 62 daAuts
     D:4: 14 daAuts
